 Dungeon Crawl Stone Soup version 0.28.0-47-ge53b351184 (webtiles) character file.

Game seed: 13062153801458477162

49 Exodus22XD the Magician (level 3, -1/28 HPs)
             Began as a Deep Elf Conjurer on Apr 29, 2022.
             Succumbed to an adder's poison
             ... on level 2 of the Dungeon.
             The game lasted 00:02:15 (1262 turns).

Exodus22XD the Magician (Deep Elf Conjurer)         Turns: 1262, Time: 00:02:15

Health: -1/28      AC: 21    Str:  4    XL:     3   Next: 53%
Magic:  4/12       EV:  2    Int: 24    God:
Gold:   46         SH:  0    Dex: 13    Spells: 10/13 levels left

rFire   . . .      SeeInvis .   b - +0 dagger
rCold   . . .      Faith    .   (no shield)
rNeg    . . .      Spirit   .   (armour currently unavailable)
rPois   +          Reflect  .   (helmet currently unavailable)
rElec   .          Harm     .   (cloak currently unavailable)
rCorr   .          Rampage  .   (gloves currently unavailable)
Will    .....      NoTele   +   (boots currently unavailable)
Stlth   ++........              (no amulet)
HPRegen 0.09/turn               (no ring)
MPRegen 0.13/turn               (no ring)

@: lethally poisoned (-1 -> -10), tree-form
A: stationary, stasis, torment immunity, boosted hp
a: no special abilities


You were on level 2 of the Dungeon.
You were a tree.
You visited 1 branch of the dungeon, and saw 2 of its levels.

You collected 46 gold pieces.

Inventory:

Hand Weapons
 b - a +0 dagger (weapon)
Armour
 a - a +0 robe (melded)
Jewellery
 d - an amulet of guardian spirit
Scrolls
 e - a scroll of holy word {unknown}
 f - a scroll of torment {unknown}
Potions
 c - a potion of lignification


   Skills:
 - Level 2.4 Dodging
 - Level 2.4 Stealth
 + Level 5.5 Spellcasting
 - Level 4.3 Conjurations


You had 10 spell levels left.
You knew the following spells:

 Your Spells              Type           Power      Damage    Failure   Level
a - Magic Dart            Conj           100%       1d8       1%          1
b - Searing Ray           Conj           54%        2d6       1%          2

Your spell library contained the following spells:

 Spells                   Type           Power      Damage    Failure   Level
 Summon Small Mammal      Summ           24%        N/A       9%          1
 Dazzling Flash           Conj/Hex       34%        N/A       11%         3
 Call Canine Familiar     Summ           6%         N/A       26%         3
 Summon Guardian Golem    Hex/Summ       6%         N/A       26%         3
 Fulminant Prism          Conj/Hex       8%         3d7       34%         4
 Iskenderun's Mystic Bla  Conj/Tloc      17%        2d5       34%         4


Dungeon Overview and Level Annotations

Branches:
Dungeon (2/15)

Altars:

Shops:
D:1 [   D:2 *


Message History

The adder is heavily wounded.
The adder bites you.
You are poisoned.
The adder poisons you!
Unknown command.
Casting: Magic Dart (safe; 1% risk of failure)
Confirm with . or Enter, or press ? or * to list all spells.
Aiming: Magic Dart (safe; 1% risk of failure)
Press: ? - help, Shift-Dir - straight line, f/p - adder
Aim: an adder (heavily wounded, 100% to hit)
The magic dart hits the adder.
The adder is severely wounded.
You feel sick. The adder bites you.
You feel sick. The adder bites you.
You are lethally poisoned!
The adder poisons you!
You feel very sick.
You feel sick.
Casting: Magic Dart (safe; 1% risk of failure)
Confirm with . or Enter, or press ? or * to list all spells.
Aiming: Searing Ray (safe; 2% risk of failure)
Press: ? - help, Shift-Dir - straight line, f/p - adder
Aim: an adder (severely wounded, 66% to hit)
The searing ray hits the adder.
The adder is heavily wounded.
The searing ray hits the adder!
You kill the adder! (Press . to maintain the ray.)
* * * LOW HITPOINT WARNING * * *
You feel sick. The adder bites you.
* * * LOW HITPOINT WARNING * * *
You are more poisoned.
The adder poisons you! The adder bites you.
* * * LOW HITPOINT WARNING * * *
It was a potion of lignification.
You turn into a tree.
Your +0 robe melds into your body.
Your roots penetrate the ground.
* * * LOW HITPOINT WARNING * * *
You feel very sick. The adder bites you but does no damage.
You die...

.............(
#####♣∩♣###### ..
.####..## ...
......♣.### ...
....###...# #.#
....# ###.## #.#
....# #..######
#.####### ....#
##......###.#......
.....#
######.♣S.........
##....#
####..†...>..
##.#..# ###.......
..... ....... ..
.....!. .......
....... .......
.######


You could see an adder.

Vanquished Creatures
  2 adders (D:2)
  A dart slug (D:1)
  A ball python (D:1)
  2 bats
  4 endoplasms
  4 goblins
  2 hobgoblins (D:1)
  2 jackals (D:2)
  2 quokkas (D:1)
  5 frilled lizards
  A kobold (D:1)
  2 rats (D:1)
28 creatures vanquished.

Notes
Turn   | Place    | Note
-------+----------+-------------------------------------------
     0 | D:1      | Exodus22XD the Deep Elf Conjurer began the quest for the
                  | Orb.
     0 | D:1      | Reached XP level 1. HP: 10/10 MP: 6/6
   183 | D:1      | Found a faded altar of an unknown god.
   482 | D:1      | Reached skill level 4 in Spellcasting
   482 | D:1      | Reached XP level 2. HP: 15/15 MP: 7/9
   485 | D:1      | Learned a level 2 spell: Searing Ray
   835 | D:1      | Found Dow Suve's Antique Armour Shop.
  1148 | D:2      | Reached XP level 3. HP: 19/19 MP: 8/11
  1156 | D:2      | Reached skill level 5 in Spellcasting
  1193 | D:2      | Found Bidest's General Store.
  1261 | D:2      | HP: 1/28 [poisoned by an adder]
  1262 | D:2      | Succumbed to an adder's poison

Illustrated notes

Levels and vault maps discovered:
D:1:      amcnicky_arrival_blooded_trapdoor, layout_loops_cross,
          dreamdust_ecumenical_altar_grove, serial_shops, shop, minmay_domino_2
D:2:      layout_rooms, serial_shops, nicolae_shop_trees

Skill      XL: |  1  2  3 |
---------------+----------+-----
Spellcasting   | 4 5 |  5.5
Dodging        | |  2.4
Stealth        | |  2.4
Conjurations   | |  4.3

Action                   || total
-------------------------++-------
 Cast: Magic Dart        ||    57
       Searing Ray       ||     1
  Use: Potion            ||     1
Armor: Skin              ||     1
Dodge: Dodged            ||     3
